 Dungeon Crawl Stone Soup version 0.28-a0-828-g0121872642 (webtiles) character file.

Game seed: 17926730282405777202

739 horus123 the Covert (level 8, -7/45 HPs)
             Began as a Kobold Brigand on Nov 10, 2021.
             Was a Priest of Elyvilon.
             Splashed by a jelly's acid (10 damage)
             ... on level 5 of the Dungeon.
             The game lasted 00:10:59 (5315 turns).

horus123 the Covert (Kobold Brigand)                Turns: 5315, Time: 00:11:01

Health: -7/45      AC: -9    Str:  9    XL:     8   Next: 4%
Magic:  12/12      EV: 14    Int: 12    God:    Elyvilon [***...]
Gold:   139        SH:  0    Dex: 18    Spells: 10/13 levels left

rFire   . . .      SeeInvis .   a - +3 dagger
rCold   . . .      Faith    .   (shield restricted)
rNeg    . . .      Spirit   .   b - +0 robe
rPois   .          Reflect  .   (no helmet)
rElec   .          Harm     .   c - +0 cloak
rCorr   .          Rampage  .   (no gloves)
Will    .....                   (no boots)
Stlth   +++++.....              (no amulet)
HPRegen 0.15/turn               (no ring)
MPRegen 0.13/turn               (no ring)

@: corroded
A: small, no large weapons, nightstalker 3
a: Renounce Religion, Purification, Heal Other, Heal Self


You were on level 5 of the Dungeon.
You worshipped Elyvilon.
Elyvilon was most pleased with you.
You visited 1 branch of the dungeon, and saw 5 of its levels.

You collected 139 gold pieces.

Inventory:

Hand Weapons
 a - a +3 dagger (weapon)
Missiles
 d - 4 poisoned darts (quivered)
 e - 2 curare-tipped darts
Armour
 b - a +0 robe (worn)
 c - a +0 cloak (worn)
 q - the +0 leather armour "Ixuafeof" {Int+3}
   (You found it on level 5 of the Dungeon)

   Int:       It affects your intelligence (+3).
Jewellery
 k - a ring of ice
Wands
 h - a wand of digging (5)
Scrolls
 g - a scroll of noise
 l - 4 scrolls of identify
 p - a scroll of teleportation
 r - a scroll of magic mapping {unknown}
Potions
 f - a potion of curing {unknown}
 j - a potion of might {unknown}
 m - a potion of degeneration {unknown}
 n - 2 potions of magic {unknown}
 o - a potion of invisibility {unknown}


   Skills:
 - Level 2.6 Fighting
 - Level 4.4 Short Blades
 - Level 2.5 Throwing
 - Level 1.4 Dodging
 - Level 8.1 Stealth
 - Level 3.1 Spellcasting
 + Level 5.0 Poison Magic


You had 10 spell levels left.
You knew the following spells:

 Your Spells              Type           Power      Damage    Failure   Level
a - Sting                 Tmut/Pois      28%        1d4       9%          1
b - Poisonous Vapours     Pois/Air       14%        N/A       13%         2

Your spell library contained the following spells:

 Spells                   Type           Power      Damage    Failure   Level
 Olgreb's Toxic Radiance  Pois           13%        N/A       30%         4


Dungeon Overview and Level Annotations

Branches:
Dungeon (5/15)
 Temple: D:4-7

Altars:
Elyvilon
Fedhas


Innate Abilities, Weirdness & Mutations

You are small and have problems with some larger weapons.
You are completely attuned to the shadows.


Message History

A white imp comes into view.
The helpless white imp fails to defend itself.
You stick the white imp like a pincushion!!!
You kill the white imp!
Your Poison Magic skill increases to level 5!
A jelly comes into view.
The jelly quivers.
The jelly closely misses you.
You hit the jelly.
Your hands burn!
The jelly is lightly wounded.
The jelly closely misses you.
You hit the jelly.
Your hands burn!
The jelly is moderately wounded.
The jelly barely misses you.
You hit the jelly.
Your hands burn!
The jelly is heavily wounded.
The jelly hits you.
You are splashed with acid.
You hit the jelly.
Your hands burn!
The jelly is severely wounded.
You hit the jelly but do no damage. The acid corrodes you!
Your hands burn!
The jelly is severely wounded.
The jelly hits you. The acid corrodes you!
You are splashed with acid.
You are too injured to fight recklessly!
You are too injured to fight recklessly!
You are too injured to fight recklessly!
You hit the jelly.
Your hands burn!
* * * LOW HITPOINT WARNING * * *
The jelly is almost dead.
The jelly hits you.
* * * LOW HITPOINT WARNING * * *
The acid corrodes you!
You are splashed with acid!
* * * LOW HITPOINT WARNING * * *
Okay, then.
You hit the jelly but do no damage.
Your hands burn!
Elyvilon protects you from harm!
The jelly is almost dead.
The jelly hits you.
* * * LOW HITPOINT WARNING * * *
The acid corrodes you!
You are splashed with acid!
You die...

##...#..## ##....[..#
#........## ##.........#
##.................#.
#..........#..........
......................
...............J..#...
...>............@.....
.....>...##....##.##.
..#......# .. #..#
.##...##.# #.# ##.###
..#....#.##..# #...##
.....#.......# ##...##.
#....#.#....# ##.....
###...##....######..##..
# #.....<.....##....##


You could see a jelly.

Vanquished Creatures
  2 black bears (D:4)
  2 ogres
  A phantom (D:4)
  2 bullfrog skeletons
  A hound (D:3)
  An iguana (D:4)
  A hound skeleton (D:4)
  A hound zombie (D:5)
  7 gnolls (D:5)
  3 adders
  A white imp (D:5)
  An ufetubus (D:5)
  A worm (D:2)
  A dart slug (D:4)
  2 orcs (D:3)
  4 ball pythons
  7 endoplasms
  3 giant cockroaches
  6 goblins
  6 hobgoblins
  2 jackals (D:1)
  3 quokkas
  8 bats
  A frilled lizard (D:2)
  5 kobolds
  4 rats
76 creatures vanquished.

Notes
Turn   | Place    | Note
-------+----------+-------------------------------------------
     0 | D:1      | horus123 the Kobold Brigand began the quest for the Orb.
     0 | D:1      | Reached XP level 1. HP: 12/12 MP: 1/1
   172 | D:1      | Reached XP level 2. HP: 17/18 MP: 2/2
   406 | D:1      | Found a faded altar of an unknown god.
   445 | D:1      | Prayed at the altar of an unknown god.
   445 | D:1      | Became a worshipper of Elyvilon the Healer
   445 | D:1      | Reached * piety under Elyvilon
  1045 | D:2      | Found a blossoming altar of Fedhas.
  1192 | D:2      | Reached skill level 6 in Stealth
  1192 | D:2      | Reached XP level 3. HP: 22/22 MP: 3/3
  1276 | D:2      | Reached ** piety under Elyvilon
  1289 | D:2      | Learned a level 1 spell: Sting
  1339 | D:2      | Reached XP level 4. HP: 27/27 MP: 4/4
  2295 | D:3      | You fall into a shaft and drop 1 floor!
  2295 | D:4      | Noticed a black bear
  2301 | D:4      | Killed a black bear
  2302 | D:4      | Reached skill level 8 in Stealth
  2302 | D:4      | Reached XP level 5. HP: 31/31 MP: 5/5
  2302 | D:4      | Reached XP level 6. HP: 36/36 MP: 6/6
  2362 | D:4      | Reached skill level 1 in Spellcasting
  2380 | D:4      | Learned a level 2 spell: Poisonous Vapours
  2394 | D:4      | Reached *** piety under Elyvilon
  2811 | D:4      | Noticed a black bear
  3510 | D:4      | Killed a black bear
  3511 | D:4      | Reached XP level 7. HP: 40/40 MP: 11/11
  4271 | D:5      | Entered Level 5 of the Dungeon
  4717 | D:5      | Identified the +0 leather armour "Ixuafeof" {Int+3}
  5185 | D:5      | Reached XP level 8. HP: 34/45 MP: 12/12
  5304 | D:5      | Reached skill level 5 in Poison Magic
  5315 | D:5      | Elyvilon protects you from harm!
  5315 | D:5      | Splashed by a jelly's acid

Illustrated notes

Levels and vault maps discovered:
D:1:      minmay_arrival_cross, layout_loops_cross,
          ebering_ecumenical_altar_petrified
D:2:      layout_loops_ring, basic_altar
D:3:      layout_basic
D:4:      layout_cave_pools, grunt_decor_one_mirror
D:5:      layout_cave_pools, serial_column_ruins, column_ruins_hut,
          column_ruins_open_small, column_ruins_open_tiny,
          column_ruins_open_small

Skill      XL: |  1  2  3  4  5  6  7  8 |
---------------+-------------------------+-----
Short Blades   | 3 4 |  4.4
Stealth        | 6 8 |  8.1
Spellcasting   | 3 |  3.1
Poison Magic   | 2 4 5 |  5.0
Fighting       | |  2.6
Throwing       | |  2.5
Dodging        | |  1.4

Action                   |  1- 3 |  4- 6 |  7- 9 || total
-------------------------+-------+-------+-------++-------
Melee: Dagger            |    43 |    89 |   107 ||   239
Throw: Dart              |     6 |     7 |    12 ||    25
  Use: Scroll            |     3 |     5 |       ||     8
       Potion            |       |     1 |     1 ||     2
 Stab: Sleeping          |    17 |    17 |     5 ||    39
       Distracted        |       |     1 |       ||     1
Armor: Robe              |     8 |     6 |     7 ||    21
Dodge: Dodged            |    20 |    46 |    69 ||   135

Table legend: (Time is in decaauts)
 A = Elapsed time spent in this place.
 B = Non-inter-level travel time spent in this place.
 C = Inter-level travel time spent in this place.
 D = Time resting spent in this place.
 E = Time spent auto-exploring this place.
 F = Levels seen in this place.
 G = Mean time per level.
                   A        B        C        D        E       F      G
               +--------+--------+--------+--------+--------+-----+--------+
         Total |   5266 |   5126 |    140 |   1338 |   3087 |   5 | 1053.2 |
       Dungeon |   5266 |   5126 |    140 |   1338 |   3087 |   5 | 1053.2 |
               +--------+--------+--------+--------+--------+-----+--------+

Top non-repeatable levels by time:
     D:4: 1753 daAuts
     D:3: 1082 daAuts
     D:1: 1019 daAuts
     D:2: 832 daAuts
     D:5: 578 daAuts
